 Dungeon Crawl Stone Soup version 0.24-a0-170-gd8427f5 (console) character file.

Game seed: 7978524294270143221

221 Duffy the Chopper (level 5, -2/45 HPs)
             Began as a Naga Gladiator on Mar 8, 2019.
             Killed from afar by an orc wizard (9 damage)
             ... with a puff of flame
             ... on level 4 of the Dungeon.
             The game lasted 00:02:32 (3961 turns).

Duffy the Chopper (Naga Gladiator)                  Turns: 3961, Time: 00:02:33

Health: -2/45      AC:  4    Str: 17    XL:     5   Next: 98%
Magic:  5/5        EV: 10    Int:  9    God:
Gold:   109        SH:  0    Dex: 12    Spells: 4/4 levels left

rFire    . . .     SeeInvis +   a - +1 war axe
rCold    . . .     Gourm    .   (no shield)
rNeg     . . .     Faith    .   b - +0 leather armour
rPois    +         Spirit   .   c - +0 helmet
rElec    .         Reflect  .   (no cloak)
rCorr    .         Harm     .   (no gloves)
MR       .....                  (no barding)
Stlth    +.........             (no amulet)
HPRegen  0.15/turn              (no ring)
MPRegen  0.09/turn              (no ring)

@: very slow
A: large, see invisible, deformed body, poison resistance, slowness 2, slow
metabolism 1, spit poison 1, AC +1
a: Spit Poison


You were on level 4 of the Dungeon.
You were not hungry.

You visited 1 branch of the dungeon, and saw 4 of its levels.

You collected 109 gold pieces.

Inventory:

Hand Weapons
 a - a +1 war axe (weapon)
Missiles
 d - 3 throwing nets (quivered)
Armour
 b - a +0 leather armour (worn)
 c - a +0 helmet (worn)
Scrolls
 e - 3 scrolls of teleportation
 g - a scroll of blinking
 h - 3 scrolls of remove curse
 i - a scroll of magic mapping
Potions
 l - a potion of cancellation {unknown}
 n - 3 potions of curing {unknown}
 p - a potion of heal wounds {unknown}
 q - a potion of agility {unknown}
 r - 2 potions of haste {unknown}
Comestibles
 f - 5 rations
 m - 3 chunks of flesh


   Skills:
 - Level 2.0 Fighting
 + Level 6.4 Axes
 - Level 1.7 Throwing
 - Level 2.4 Dodging


You had 4 spell levels left.
You didn't know any spells.
Your spell library contained the following spells:

 Spells                   Type           Power        Failure   Level  Hunger
 Beastly Appendage        Tmut           #.....       45%         1    ##.....
 Sticks to Snakes         Tmut           #.......     58%         2    ###....
 Spider Form              Tmut/Pois      #.........   83%         3    ####...
 Ice Form                 Ice/Tmut       #.......     99%         4    #####..
 Blade Hands              Tmut           #.........   100%        5    ######.


Dungeon Overview and Level Annotations

Branches:
Dungeon (4/15)
 Temple: D:4-7

Altars:
Sif Muna
Yredelemnul


Innate Abilities, Weirdness & Mutations

You cannot wear boots.
Your serpentine skin is tough. (AC +1)
You have supernaturally acute eyesight. (SInv)
Armour fits poorly on your strangely shaped body.
Your system is resistant to poisons. (rPois)
You cover ground very slowly.
You have a slow metabolism.
You can spit poison.


Message History

The orc wizard barely misses you. The orc hits you with a +0 hand axe.
The orc wizard hits you with a +0 dagger.
The orc wizard hits you but does no damage.
Things that are here:
a scroll of amnesia; an orc corpse The orc closely misses you.
You closely miss the orc wizard.
The orc wizard is moderately wounded.
You slash the orc!
You kill the orc!
The orc wizard casts a cantrip, but nothing happens.
You barely miss the orc wizard.
The orc wizard is moderately wounded.
The orc wizard looks satisfied for a moment.
You hit the orc wizard but do no damage.
The orc wizard is moderately wounded.
The orc wizard hits you but does no damage.
The orc wizard points at you and mumbles some strange words.
The puff of flame hits you!
You die...

*,* **,,,** ##*,* **,,,,,**
*** ##.#.* **,,,,,,,** **,*
##....#**,,,,,,,,,****,,,
*#......,+,,,,,,,,,+,,,,,*
*......##*,,,,,,,,,****,,,
#,*#....##*,,,,,,,** ***,*
#.##.....##*,,,,,** *,,,,
#.#....o@.##*,,,** *,***
#......)...#**+#* *,* *
##.#.......## #.# *,***
#....%....#####.# *,**,
#......))###.##.## *,**,
#.##.##!###.#,...## *,**,
#,*#.......#**....### *,**,
*,*####.#.## ##.....#**,,,,
*,****#.##.###..#**,,,,,,,,


You could see an orc wizard.

Vanquished Creatures
  A scorpion (D:3)
  An orc priest (D:4)
  An orc wizard (D:4)
  4 adders
  3 oozes
  2 worms (D:2)
  3 dart slugs (D:1)
  A leopard gecko (D:2)
  4 orcs (D:4)
  A ball python (D:3)
  3 giant cockroaches
  7 goblins
  4 hobgoblins
  4 kobolds
  7 bats
  3 frilled lizards
  8 rats
57 creatures vanquished.

Notes
Turn   | Place    | Note
-------+----------+-------------------------------------------
     0 | D:1      | Duffy the Naga Gladiator began the quest for the Orb.
     0 | D:1      | Reached XP level 1. HP: 19/19 MP: 1/1
   124 | D:1      | Reached XP level 2. HP: 10/26 MP: 2/2
   681 | D:1      | Reached skill level 4 in Axes
   798 | D:1      | Reached XP level 3. HP: 29/32 MP: 3/3
  2034 | D:2      | Reached XP level 4. HP: 18/39 MP: 4/4
  2266 | D:2      | Reached skill level 5 in Axes
  2596 | D:2      | Found a deep blue altar of Sif Muna.
  2682 | D:2      | Found a basalt altar of Yredelemnul.
  2994 | D:3      | Reached XP level 5. HP: 23/45 MP: 5/5
  3867 | D:4      | Reached skill level 6 in Axes
  3961 | D:4      | Killed from afar by an orc wizard

Levels and vault maps discovered:
D:1:      psy_arrival_whirlpool, layout_loops_corners, serial_bayou_pond_a,
          kennysheep_decorative_pillar, minmay_tiny_reverse_x
D:2:      layout_loops_ring, lemuel_crystal_altar, led_sif_pool
D:3:      layout_loops_ring
D:4:      layout_loops_corners, lemuel_coloured_pillars_altar, first_ration

Skill      XL: |  1  2  3  4  5 |
---------------+----------------+-----
Axes           | 4 5 6 |  6.4
Fighting       | |  2.0
Throwing       | |  1.7
Dodging        | |  2.4

Action                   |  1- 3 |  4- 6 || total
-------------------------+-------+-------++-------
Melee: War axe           |   105 |    77 ||   182
 Abil: Spit Poison       |     2 |     2 ||     4
  Use: Scroll            |       |     8 ||     8
  Eat: Chunk             |     2 |     5 ||     7
Armor: Leather armour    |    29 |    24 ||    53
Dodge: Dodged            |    68 |    43 ||   111

Table legend:
 A = Non-vault XP
 B = Vault XP
 C = Vault XP percentage of total XP
 D = Non-vault monster count
 E = Vault monster count
 F = Vault count percentage of total count
                 A         B        C        D         E       F
            +---------+---------+-------+---------+---------+-------
      Total |     313 |       3 |   0.9 |      55 |       2 |   3.5
            +---------+---------+-------+---------+---------+-------
        D:1 |      43 |       3 |   6.5 |      17 |       2 |  10.5
        D:2 |      83 |       0 |   0.0 |      23 |       0 |   0.0
        D:3 |      95 |       0 |   0.0 |       9 |       0 |   0.0
        D:4 |      92 |       0 |   0.0 |       6 |       0 |   0.0
            +---------+---------+-------+---------+---------+-------
